 Dungeon Crawl Stone Soup version 0.27.1-34-g3ba077fa99 (webtiles) character file.

Game seed: 8048458965412102252

39945 boopmooplesden the Blocker (level 13, -1/117 HPs)
             Began as a Minotaur Fighter on Jan 27, 2022.
             Was a High Priest of Hepliaklqana.
             Slain by a five-headed hydra (11 damage)
             ... on level 3 of the Lair of Beasts.
             The game lasted 00:31:38 (19316 turns).

boopmooplesden the Blocker (Minotaur Fighter)      Turns: 19316, Time: 00:31:40

Health: -1/117     AC: 15    Str: 27    XL:     13   Next: 72%
Magic:  12/12      EV: 13    Int:  5    God:    Hepliaklqana [*****.]
Gold:   357        SH: 15    Dex: 14    Spells: 12/12 levels left

rFire    + + .     SeeInvis .   y - +9 spear "Suwyob" {spect, *Rage rPois Will++ Str+3}
rCold    . . .     Faith    .   c - +1 kite shield
rNeg     + . .     Spirit   .   C - +0 scale mail "Etaej" {rF+ Dex+2 Stlth+}
rPois    +         Reflect  .   T - +2 hat
rElec    .         Harm     .   (no cloak)
rCorr    +         Rampage  .   R - +2 pair of gloves of the New World {rN+ rCorr}
Will     ++...     Rnd*Rage +   (no boots)
Stlth    +++.......             (no amulet)
HPRegen  0.29/turn              d - ring of protection from fire
MPRegen  0.13/turn              (no ring)

@: on berserk cooldown, slowed, very slow
A: reduced essence, horns 2, retaliatory headbutt, robust 1, screaming 1,
subdued magic 1
a: Renounce Religion, Recall Ancestor, Ancestor Identity, Transference, Idealise


You were on level 3 of the Lair of Beasts.
You worshipped Hepliaklqana.
Hepliaklqana was extremely pleased with you.
You visited 2 branches of the dungeon, and saw 16 of its levels.
You also visited: Sewer.

You collected 746 gold pieces.
You spent 389 gold pieces at shops.

Inventory:

Hand Weapons
 a - a +0 long sword
 f - a +1 vampiric scimitar
 x - a +4 trident of protection
 y - the +9 spear "Suwyob" (weapon) {spect, *Rage rPois Will++ Str+3}
   (You bought it in a shop on level 1 of the Dungeon)

   When its wielder attacks, the weapon's spirit leaps out and strikes again.
   The spirit shares a part of any damage it takes with its wielder.
   Str:       It affects your strength (+3).
   rPois:     It protects you from poison.
   *Rage:     It may make you go berserk in combat.
   Will:      It greatly increases your willpower.
Missiles
 v - 2 silver javelins (quivered)
 w - 36 boomerangs
 Q - 2 throwing nets
Armour
 c - a +1 kite shield (worn)
 C - the +0 scale mail "Etaej" (worn) {rF+ Dex+2 Stlth+}
   (You found it on level 8 of the Dungeon)

   Dex:       It affects your dexterity (+2).
   rF:        It protects you from fire.
   Stlth:     It makes you more stealthy.
 N - the +6 scale mail "Woufon" {rPois Will+ Str-3}
   (You found it on level 12 of the Dungeon)

   Str:       It affects your strength (-3).
   rPois:     It protects you from poison.
   Will:      It increases your willpower.
 R - the +2 pair of gloves of the New World (worn) {rN+ rCorr}
   (You bought it in a shop on level 12 of the Dungeon)

   rN:        It protects you from negative energy.
   rCorr:     It protects you from acid and corrosion.
 T - a +2 hat (worn)
Jewellery
 d - a ring of protection from fire (left hand)
 h - a ring of magical power
 k - a ring of resist corrosion
 B - a ring of fire
 S - a ring of wizardry
Wands
 m - a wand of flame (18)
 o - a wand of iceblast (7)
 p - a wand of polymorph (20)
 E - a wand of acid (6)
 F - a wand of mindburst (35)
 O - a wand of digging (4)
 P - a wand of paralysis (10)
Scrolls
 b - 2 scrolls of enchant weapon
 e - 10 scrolls of identify
 i - 5 scrolls of fear
 j - a scroll of blinking
 q - 6 scrolls of teleportation
 z - 6 scrolls of magic mapping
 G - a scroll of brand weapon
 I - 2 scrolls of amnesia
 U - a scroll of acquirement {unknown}
Potions
 g - 4 potions of might
 l - a potion of resistance
 n - 2 potions of cancellation
 r - 2 potions of degeneration
 s - 2 potions of heal wounds
 t - 2 potions of attraction
 u - 2 potions of magic
 A - 3 potions of haste
 D - a potion of invisibility {unknown}
 H - 4 potions of ambrosia
 K - 2 potions of flight {unknown}
 L - a potion of curing {unknown}
 M - 2 potions of lignification {unknown}
 V - a potion of berserk rage {unknown}
Miscellaneous
 J - a tin of tremorstones (2/2)


   Skills:
 + Level 11.6 Fighting
 + Level 11.0 Long Blades
 + Level 12.2 Polearms
 + Level 1.1 Throwing
 + Level 12.6 Armour
 + Level 6.4 Dodging
 + Level 6.4 Stealth
 + Level 12.7 Shields


You had 12 spell levels left.
You didn't know any spells.
Your spell library contained the following spells:

 Spells                   Type           Power      Damage    Failure   Level
 Animate Skeleton         Necr           0%         N/A       75%         1
 Apportation              Tloc           0%         N/A       75%         1
 Corona                   Hex            0%         N/A       75%         1
 Magic Dart               Conj           0%         1d3       75%         1
 Pain                     Necr           0%         1d4       75%         1
 Shock                    Conj/Air       0%         1d3       75%         1
 Sting                    Tmut/Pois      0%         1d3       75%         1
 Summon Small Mammal      Summ           0%         N/A       75%         1
 Call Imp                 Summ           0%         N/A       87%         2
 Poisonous Vapours        Pois/Air       0%         N/A       87%         2
 Gell's Gravitas          Tloc           0%         N/A       98%         3
 Lesser Beckoning         Tloc           0%         N/A       98%         3
 Mephitic Cloud           Conj/Pois/Air  0%         N/A       98%         3
 Teleport Other           Tloc           0%         N/A       98%         3
 Hailstorm                Conj/Ice       0%         3d3       100%        4
 Ice Form                 Ice/Tmut       0%         N/A       100%        4
 Olgreb's Toxic Radiance  Pois           0%         N/A       100%        4
 Agony                    Necr           0%         N/A       100%        5
 Excruciating Wounds      Necr           0%         N/A       100%        5
 Simulacrum               Ice/Necr       0%         N/A       100%        6


Dungeon Overview and Level Annotations

Branches:
Dungeon (13/15)            Temple (0/1) D:6            Lair (3/6) D:8
  Swamp (0/4) Lair:3        Snake (0/4) Lair:2          Orc (0/2) D:11
  Sewer (visited)
 Vaults: D:13-14

Altars:
Ashenzari
Dithmenos
Fedhas
Hepliaklqana
Kikubaaqudgha
Makhleb
Ru
Sif Muna
Uskayaw
Wu Jian
Xom
Zin
The Shining One
Beogh

Shops:
D:1 (   D:7 *   D:8 !   D:12 (*[

Annotations:
D:9 1 runed translucent door
D:11 exclusion: orange crystal statue
Lair:3 Rupert


Innate Abilities, Weirdness & Mutations

Your life essence is reduced to manifest your ancestor. (-10% HP)
You have a pair of horns on your head.
You reflexively headbutt those who attack you in melee.
You are robust. (+10% HP)
You occasionally shout uncontrollably at your foes.
Your spells are a little easier to cast, but a little less powerful.


Message History

The wolf closely misses you. You furiously retaliate!
You headbutt the wolf! You block the wolf's attack.
Rupert hits you with a +4 vorpal triple sword!!!
You hear a howl! x4
You see here a wolf corpse.
You hit the wolf. You headbutt the wolf!
You kill the wolf!
Rupert hits you with a +4 vorpal triple sword! Æthelred hits Rupert with a +0 quarterstaff!
You closely miss Rupert.
Rupert is lightly wounded.
Your +9 spear "Suwyob" {spect, *Rage rPois Will++ Str+3} misses Rupert.
You block Rupert's attack. Æthelred hits Rupert with a +0 quarterstaff!
You hit Rupert. Your headbutt misses Rupert.
Rupert is lightly wounded.
Your +9 spear "Suwyob" {spect, *Rage rPois Will++ Str+3} hits Rupert but does no damage.
Rupert hits you with a +4 vorpal triple sword!!
* * * LOW HITPOINT WARNING * * *
x2 You block the five-headed hydra's attack. x2
The five-headed hydra bites you.
* * * LOW HITPOINT WARNING * * *
You block the five-headed hydra's attack.
The five-headed hydra closely misses you.
You block Rupert's attack. Æthelred closely misses Rupert.
You hear a howl!
You feel much better. You block Rupert's attack.
You block the five-headed hydra's attack.
The five-headed hydra closely misses you.
The five-headed hydra bites you!
* * * LOW HITPOINT WARNING * * *
You block the five-headed hydra's attack.
The five-headed hydra bites you.
* * * LOW HITPOINT WARNING * * *
Æthelred casts a spell at Rupert.
The stone arrow misses Rupert.
Rupert misses you. You furiously retaliate!
You headbutt Rupert, but do no damage.
You block the five-headed hydra's attack.
The five-headed hydra bites you!
You die...

....# ..# #.#.# ..
##.8.# .# ##....####.#
... ##.......#..#
...##...........#
..##...........##
.##...#.....#...##
.....##..8.###.R@#
##..####...###..@D#
#...# #.....###.§.#
.>.8# #..<..###8.<.#
#...# #......##...#.#
#...##.#...####...#...
.....###.8.## ...(. ...
.#....##....#...##P####
..##...........#


You could see the friendly Æthelred the battlemage, Rupert (berserk, ally
target) and a five-headed hydra.

Vanquished Creatures
  Josephine (D:10)
  3 hydras
  Harold (Lair:1)
  2 centaur warriors
  5 two-headed ogres
  A tengu warrior (D:13)
  Urug (Lair:3)
  The ghost of Malroth the Thaumaturge, a novice MfVM of Sif Muna (D:7)
  3 skeletal warriors (D:12)
  2 deep elf pyromancers (D:9)
  The ghost of Ironcache the Skirmisher, a novice HuWn of Cheibriados (D:6)
  A manticore (D:12)
  5 ugly things
  2 black mambas (Lair:1)
  A torpor snail (Lair:3)
  6 cane toads
  2 gargoyles
  5 komodo dragons
  A freezing wraith (D:9)
  A polar bear (Lair:3)
  2 trolls
  A slime creature (D:6)
  3 wyverns
  3 wraiths
  18 yaks
  A steam dragon (D:9)
  6 vampire mosquitoes
  2 wargs (D:8)
  3 water moccasins
  A naga (Lair:2)
  An acid dragon (D:10)
  8 orc warriors
  2 ice beasts (D:7)
  2 wolves (Lair:3)
  5 centaurs
  A lemure (D:7)
  6 kobold brigands
  A gnoll sergeant (D:12)
  7 bullfrogs
  2 scorpions
  A wyvern zombie (D:7)
  A hornet simulacrum (D:7)
  A water moccasin zombie (D:5)
  3 water moccasin skeletons (D:5)
  3 killer bees (D:11)
  5 wights
  8 howler monkeys
  4 centaur zombies
  2 bullfrog zombies
  7 jellies
  3 iguanas (D:6)
  7 orc priests
  2 hounds
  2 centaur skeletons (D:7)
  Jessica (D:3)
  7 orc wizards
  2 centaur simulacra
  A hound skeleton (D:4)
  2 howler monkey zombies
  Robin (D:2)
  13 adders
  8 gnolls
  A river rat (Sewer)
  A shadow imp (D:7)
  2 white imps
  A howler monkey simulacrum (D:7)
  8 worms
  2 dart slugs
  37 orcs
  9 ball pythons
  19 endoplasms
  7 giant cockroaches
  14 goblins
  10 hobgoblins
  7 jackals
  8 quokkas
  7 bats
  3 frilled lizards (D:2)
  7 kobolds
  12 rats
359 creatures vanquished.

Vanquished Creatures (collateral kills)
  2 two-headed ogres
  Pikel (D:7)
  A deep elf pyromancer (D:9)
  An orc knight (D:11)
  A manticore (D:11)
  An elephant (Lair:1)
  A cyclops (D:12)
  4 cane toads
  A kobold demonologist (D:9)
  A komodo dragon (Lair:1)
  A troll (D:7)
  2 slime creatures (D:6)
  5 wraiths
  5 yaks
  A basilisk (D:12)
  2 vampire mosquitoes
  2 nagas (Lair:2)
  An acid dragon (D:9)
  3 orc warriors
  An ogre (D:7)
  A centaur (D:13)
  A gnoll sergeant (D:7)
  2 killer bees (D:11)
  3 wights
  A centaur zombie (D:7)
  A jelly (D:6)
  A bullfrog skeleton (D:6)
  2 orc priests
  An iguana (D:5)
  6 gnolls
  A white imp (D:7)
  9 orcs
  An endoplasm (D:6)
  A hobgoblin (D:4)
  2 kobolds
70 creatures vanquished.

Vanquished Creatures (others)
  5 battlemagi
  8 fungi
  3 plants
  11 toadstools (D:6)
27 creatures vanquished.

Grand Total: 456 creatures vanquished

Notes
Turn   | Place    | Note
-------+----------+-------------------------------------------
     0 | D:1      | boopmooplesden the Minotaur Fighter began the quest for the
                  | Orb.
     0 | D:1      | Reached XP level 1. HP: 19/19 MP: 0/0
    76 | D:1      | Reached XP level 2. HP: 15/27 MP: 1/1
   493 | D:1      | Found Wicruden's Antique Weapon Shop.
   585 | D:1      | Found a faded altar of an unknown god.
   591 | D:1      | Got Plato's Incunabulum of Confrontation
   820 | D:1      | Reached XP level 3. HP: 23/33 MP: 2/2
  1879 | D:2      | Reached XP level 4. HP: 40/40 MP: 3/3
  2071 | D:2      | Noticed Robin
  2097 | D:2      | Killed Robin
  2409 | D:2      | Gained mutation: You are robust. (+10% HP) [potion of
                  | mutation]
  2409 | D:2      | Gained mutation: Your spells are a little easier to cast,
                  | but a little less powerful. [potion of mutation]
  2409 | D:2      | Gained mutation: You occasionally shout uncontrollably at
                  | your foes. [potion of mutation]
  2619 | D:3      | Found a shadowy altar of Dithmenos.
  2687 | D:3      | Found a glowing drain.
  2718 | Sewer    | Entered a sewer
  2851 | Sewer    | Reached XP level 5. HP: 50/50 MP: 4/4
  3017 | Sewer    | Reached skill level 5 in Shields
  3246 | Sewer    | Reached skill level 5 in Armour
  3357 | Sewer    | Reached skill level 5 in Long Blades
  3357 | Sewer    | Reached XP level 6. HP: 47/58 MP: 5/5
  4040 | D:3      | Found a hazy altar of Hepliaklqana.
  4060 | D:3      | Became a worshipper of Hepliaklqana the Forgotten
  4196 | D:3      | Noticed Jessica
  4214 | D:3      | Killed Jessica
  4215 | D:3      | Reached skill level 1 in Dodging
  4479 | D:3      | Reached XP level 7. HP: 58/66 MP: 6/6
  5157 | D:4      | Reached * piety under Hepliaklqana
  5542 | D:5      | Entered Level 5 of the Dungeon
  5552 | D:5      | Reached skill level 5 in Fighting
  5890 | D:5      | Found an ancient bone altar of Kikubaaqudgha.
  6203 | D:5      | Reached skill level 1 in Stealth
  6203 | D:5      | Reached XP level 8. HP: 68/68 MP: 7/7
  6408 | D:6      | Found a staircase to the Ecumenical Temple.
  6969 | D:6      | Reached ** piety under Hepliaklqana
  6970 | D:6      | Remembered your ancestor Æthelred as a battlemage
  7014 | D:6      | Noticed a slime creature
  7015 | D:6      | Noticed a slime creature
  7015 | D:6      | Noticed a slime creature
  7039 | D:6      | Killed a slime creature
  7057 | D:6      | Killed a slime creature
  7070 | D:6      | Killed a slime creature
  7071 | D:6      | Reached XP level 9. HP: 56/75 MP: 8/8
  7453 | D:6      | Found a large runed translucent door.
  7455 | D:6      | Found a large runed translucent door.
  7457 | D:6      | Noticed Ironcache's ghost (novice HuWn)
  7472 | D:6      | Killed Ironcache's ghost
  7681 | D:7      | Noticed Malroth's ghost (novice MfVM)
  7701 | D:7      | Reached skill level 10 in Long Blades
  7904 | D:1      | Bought a dazzling spear for 152 gold pieces
  7904 | D:1      | Identified the +9 spear "Suwyob" {spect, *Rage rPois Will++
                  | Str+3} (You bought it in a shop on level 1 of the Dungeon)
  8033 | D:7      | Found a shimmering blue altar of Sif Muna.
  8044 | D:7      | Noticed Pikel
  8051 | D:7      | Killed Pikel
  8059 | D:7      | Reached skill level 1 in Polearms
  8353 | D:7      | Found a runed translucent gate.
  8360 | D:7      | Reached XP level 10. HP: 86/86 MP: 9/9
  8379 | D:7      | Found a runed translucent gate.
  8379 | D:7      | Found a runed translucent gate.
  8397 | D:7      | Found Degamus's General Store.
  8528 | D:7      | Found a glowing silver altar of Zin.
  8641 | D:7      | Identified the +0 leather armour of Disappointment {Str-3
                  | Dex+5}
  8744 | D:7      | Killed Malroth's ghost
  9078 | D:8      | Identified the +0 scale mail "Etaej" {rF+ Dex+2 Stlth+}
  9211 | D:8      | Found a sacrificial altar of Ru.
  9241 | D:8      | Found a blossoming altar of Fedhas.
  9254 | D:8      | Found a broken altar of Ashenzari.
  9267 | D:8      | Found a burning altar of Makhleb.
  9306 | D:8      | Reached skill level 5 in Polearms
  9306 | D:8      | Found a staircase to the Lair.
  9537 | D:8      | Found Zadwom's Distillery.
  9696 | D:8      | Reached *** piety under Hepliaklqana
 10574 | D:9      | Found a glowing golden altar of the Shining One.
 10574 | D:9      | Found a shimmering altar of Xom.
 10610 | D:9      | Noticed a deep elf pyromancer
 10614 | D:9      | Killed a deep elf pyromancer
 10793 | D:9      | Found a runed translucent door.
 10799 | D:9      | Noticed a two-headed ogre
 10826 | D:9      | Reached XP level 11. HP: 64/95 MP: 10/10
 11037 | D:9      | Found a runed translucent door.
 11070 | D:9      | Noticed a two-headed ogre
 11089 | D:9      | Killed a two-headed ogre
 11099 | D:9      | Noticed a centaur warrior
 11103 | D:9      | Killed a centaur warrior
 11472 | D:9      | Noticed a deep elf pyromancer
 11483 | D:9      | Killed a deep elf pyromancer
 11484 | D:9      | Reached skill level 10 in Shields
 11548 | D:9      | Noticed a deep elf pyromancer
 11564 | D:9      | Killed a deep elf pyromancer
 11585 | D:9      | Reached skill level 10 in Armour
 11627 | D:9      | Killed a two-headed ogre
 11815 | D:9      | Noticed a two-headed ogre
 11820 | D:9      | Killed a two-headed ogre
 11828 | D:9      | Noticed a sun demon
 12237 | D:9      | Found an ornate altar of the Wu Jian Council.
 12409 | D:10     | Entered Level 10 of the Dungeon
 12593 | D:10     | Noticed a two-headed ogre
 12597 | D:10     | Killed a two-headed ogre
 12613 | D:10     | Noticed Josephine
 12628 | D:10     | Killed Josephine
 12638 | D:10     | Reached XP level 12. HP: 50/106 MP: 11/11
 12885 | D:10     | Noticed a two-headed ogre
 12890 | D:10     | Killed a two-headed ogre
 12891 | D:10     | Reached skill level 5 in Dodging
 13023 | D:10     | Found a hide-covered altar of Uskayaw.
 13120 | D:10     | Reached **** piety under Hepliaklqana
 13288 | D:11     | Noticed a four-headed hydra
 13293 | D:11     | Killed a four-headed hydra
 13294 | D:11     | Reached skill level 10 in Fighting
 13294 | D:11     | Reached skill level 1 in Throwing
 14267 | D:11     | Reached skill level 10 in Polearms
 14308 | D:11     | Found a staircase to the Orcish Mines.
 14642 | D:12     | Found Ycavicw's Assorted Antiques.
 14759 | D:12     | Found Dyradum's Weapon Boutique.
 14762 | D:12     | Noticed a two-headed ogre
 14769 | D:12     | Killed a two-headed ogre
 14860 | D:12     | Identified the +6 scale mail "Woufon" {rPois Will+ Str-3}
 15100 | D:12     | Reached skill level 5 in Stealth
 15146 | D:12     | Noticed a two-headed ogre
 15151 | D:12     | Killed a two-headed ogre
 15263 | D:12     | Found Decovi's Antique Armour Emporium.
 15268 | D:12     | Bought a pair of crude gloves for 237 gold pieces
 15268 | D:12     | Identified the +2 pair of gloves of the New World {rN+
                  | rCorr} (You bought it in a shop on level 12 of the Dungeon)
 15783 | D:13     | Noticed a centaur warrior
 15786 | D:13     | Killed a centaur warrior
 15950 | D:13     | Reached XP level 13. HP: 115/115 MP: 12/12
 15962 | D:13     | Identified the +2 robe of Mubyty {rF+}
 16087 | D:13     | Reached ***** piety under Hepliaklqana
 16722 | Lair:1   | Entered Level 1 of the Lair of Beasts
 17541 | Lair:1   | Noticed Harold
 17548 | Lair:1   | Killed Harold
 17851 | Lair:2   | Found a staircase to the Snake Pit.
 18894 | Lair:3   | Found a staircase to the Swamp.
 18932 | Lair:3   | Noticed Urug
 18946 | Lair:3   | Killed Urug
 19308 | Lair:3   | Noticed Rupert
 19316 | Lair:3   | Slain by a five-headed hydra

Illustrated notes

Levels and vault maps discovered:
D:1:      dpeg_arrival_pond, layout_loops_ring, serial_shops, shop,
          shapermc_ecumenical_altar_rom_forum, roderic_roman_lattice,
          chequers_serial_rivers_small_3
D:2:      layout_basic, minmay_lizard_pond, uniq_robin
D:3:      layout_basic, mainiacjoe_overflow_brackets, lemuel_tele_altar,
          portal_sewer_entry_f, uniq_jessica
D:4:      layout_cave_pods
D:5:      layout_loops_ring, nicolae_kikubaaqudgha_miasma_corner
D:6:      cheibrodos_fertilizer, layout_basic, temple_fountains,
          ebering_ghost_disaster_area
D:7:      layout_basic, amcnicky_altar_gilded, lemuel_round_altar,
          gammafunk_ghost_icy, serial_shops, shop, uniq_pikel
D:8:      layout_basic, grunt_temple_overflow_cloverleaf,
          erik_lair_orcish_takeover, serial_rivers,
          chequers_serial_rivers_small_b, chequers_serial_rivers_large_a,
          chequers_serial_rivers_room_a, chequers_serial_rivers_large_b,
          chequers_serial_rivers_micro_b, chequers_serial_rivers_room_b,
          serial_shops, kennysheep_little_box
D:9:      cheibrodos_histonic, layout_irregular_city,
          nicolae_wu_jian_glorious_leap, gammafunk_temple_overflow_statue,
          small_chamber_with_monster, st_stairs_6
D:10:     layout_rooms, mainiacjoe_overflow_alcove_2, uniq_josephine
D:11:     layout_basic, david_orc_5, minmay_protected_statue
D:12:     layout_basic, serial_shops, shop, nicolae_shop_crystal,
          nicolae_shop_stone
D:13:     layout_roguey
Lair:1:   layout_loops_ring, grunt_forest_stairs_basic, st_stairs_12,
          hangedman_lair_generics_rect, uniq_harold
Lair:2:   layout_cave_pods, guppyfry_snake_entry_garden, serial_bayou_crossing
Lair:3:   layout_chaotic_city, minmay_swamp_entry_eels, minmay_lindwurm_lava,
          grunt_megastairs_5, uniq_sonja, uniq_urug, uniq_rupert

Skill      XL: |  1  2  3  4  5  6  7  8  9 10 11 12 13 |
---------------+----------------------------------------+-----
Armour         | 4 5 6 7 8 9 10 11 12 | 12.6
Shields        | 4 5 6 7 8 9 10 11 12 | 12.7
Long Blades    | 3 4 5 6 7 9 10 11 | 11.0
Fighting       | 4 5 6 7 8 9 10 11 | 11.6
Dodging        | 1 2 3 4 5 6 |  6.4
Stealth        | 1 2 4 5 6 |  6.4
Polearms       | 1 7 9 11 12 | 12.2
Throwing       | 1 |  1.1

Action                   |  1- 3 |  4- 6 |  7- 9 | 10-12 | 13-15 || total
-------------------------+-------+-------+-------+-------+-------++-------
Melee: Long sword        |   106 |    29 |       |       |       ||   135
       Headbutt          |    12 |    27 |    39 |    97 |    44 ||   219
       Scimitar          |       |   165 |   172 |       |       ||   337
       Spear             |       |       |    24 |   345 |   143 ||   512
Throw: Javelin           |       |       |       |     4 |       ||     4
Invok: Recall Ancestor   |       |       |     1 |       |       ||     1
       Ancestor Life: Ba |       |       |     1 |       |       ||     1
  Use: Scroll            |       |     6 |     5 |     9 |     3 ||    23
       Potion            |       |     2 |     1 |     1 |     2 ||     6
 Stab: Distracted        |       |       |     2 |     8 |     4 ||    14
       Sleeping          |       |       |       |     2 |     4 ||     6
Armor: Scale mail        |    47 |    52 |    75 |    66 |    27 ||   267
Dodge: Dodged            |    31 |    52 |    51 |   115 |    34 ||   283
Block: Kite shield       |    60 |    80 |   105 |   171 |    71 ||   487
       Rpst.: Long sword |    14 |     1 |       |       |       ||    15
       Scimitar          |       |    18 |    15 |       |       ||    33
